 Dungeon Crawl Stone Soup version 0.31-a0-1-g4198be8af4 (webtiles) character file.

Game seed: 14736563764325425841

79 Jarnaxa the Grave Robber (level 4, 0/24 HPs)
             Began as a Deep Elf Necromancer on May 3, 2023.
             Slain by a gnoll
             ... wielding a +0 spear
              (3 damage)
             ... on level 3 of the Dungeon.
             The game lasted 00:05:06 (1917 turns).

Jarnaxa the Grave Robber (Deep Elf Necromancer)     Turns: 1917, Time: 00:05:07

Health: 0/24       AC:  3    Str:  5    XL:     4   Next: 17%
Magic:  7/12       EV: 13    Int: 22    God:
Gold:   86         SH:  0    Dex: 15    Spells: 3/11 levels left

rFire   . . .        c - +0 quarterstaff
rCold   . . .        (shield currently unavailable)
rNeg    . . .        a - +0 robe
rPois   .            (no helmet)
rElec   .            e - +0 cloak
rCorr   .            (no gloves)
SInv    .            (no boots)
Will    .....        (no amulet)
Stlth   ++           (no ring)
HPRegen 0.24/turn    (no ring)
MPRegen 0.13/turn

%: no passive effects
@: no status effects
A: no striking features
a: no special abilities


You were on level 3 of the Dungeon.
You visited 1 branch of the dungeon, and saw 3 of its levels.

You collected 86 gold pieces.

Inventory:

Hand Weapons
 c - a +0 quarterstaff (weapon)
Armour
 a - a +0 robe (worn)
 e - a +0 cloak (worn)
Jewellery
 g - a +5 ring of evasion
Scrolls
 d - a scroll of teleportation {unknown}
 h - a scroll of identify {unknown}
Potions
 b - a potion of magic
 f - a potion of attraction {unknown}


   Skills:
 - Level 2.7 Dodging
 - Level 2.7 Stealth
 + Level 4.1 Spellcasting
 + Level 6.1 Necromancy


You had 3 spell levels left.
You knew the following spells:

 Your Spells              Type           Power      Damage    Failure   Level
a - Necrotise             Necr           100%       1d9       1%          1
b - Vampiric Draining     Necr           31%        2d8       2%          3
c - Animate Dead          Necr           31%        N/A       9%          4

Your spell library contained the following spells:

 Spells                   Type           Power      Damage    Failure   Level
 Ensorcelled Hibernation  Hex/Ice        8%         N/A       17%         2
 Spider Form              Tmut/Pois      4%         N/A       32%         3
 Agony                    Necr           31%        N/A       24%         5
 Anguish                  Hex/Necr       9%         N/A       30%         4


Dungeon Overview and Level Annotations

Branches:
Dungeon (3/15)

Altars:
Qazlal
Vehumet


Message History

You open the gate.
A bat comes into view.
Found a radiant altar of Vehumet.
There is an open gate here.
The bat barely resists.
The bat hits you but does no damage.
The bat writhes in agony.
You kill the bat!
The dead are flying!
Magic restored.
There is an open gate here. 3 gnolls come into view.
A rat comes into view.
The gnoll shouts!
You hear a shout!
A gnoll comes into view. It is wielding a +0 club.
You can't see any susceptible monsters within range! (Use Z to cast anyway.)
Your bat skeleton crumbles into dust!
The gnoll closely misses you.
The gnoll writhes in agony!
The gnoll barely misses you.
The gnoll barely resists.
An endoplasm comes into view.
The gnoll hits you but does no damage.
The gnoll barely resists.
The gnoll hits you from afar with a +0 halberd!
The rat writhes in agony.
You kill the rat!
The dead are walking!
The gnoll hits you from afar with a +0 halberd!
The gnoll hits you from afar with a +0 spear.
* * * LOW HITPOINT WARNING * * *
You are too injured to fight recklessly!
Casting: Necrotise (safe; 1% risk of failure)
Confirm with . or Enter, or press ? or * to list all spells.
Aiming: Necrotise (safe; 1% risk of failure)
Press: ? - help, Shift-Dir - straight line, f - gnoll
Aim: a gnoll, wielding a +0 halberd (severely wounded, ally target, chance to affect: 88%)
The gnoll writhes in agony!
You kill the gnoll!
The dead are walking!
The gnoll hits you from afar with a +0 spear.
You die...

........#.# #...#
######'''######
#...'...ยง.'...#
#._.'.โ‰ˆโ‰ˆโ‰ˆ.'._.#
#...'.....'...#
######'''########.#
#...........Z.....
###.#.###@.......#
#.#)# #..####..# #
#.# #gg# #.# #g.J #..
.Z... .......###
###.# #.#


You could see 3 gnolls, an endoplasm, a friendly rat skeleton and a friendly
gnoll skeleton.

Vanquished Creatures
  A gnoll (D:3)
  An adder (D:2)
  A worm (D:2)
  4 dart slugs
  6 bats
  3 giant cockroaches (D:1)
  10 goblins
  4 hobgoblins
  4 jackals (D:1)
  A quokka (D:1)
  2 ball pythons (D:1)
  2 frilled lizards (D:1)
  4 kobolds (D:1)
  4 rats
47 creatures vanquished.

Vanquished Creatures (collateral kills)
  A kobold (D:1)
1 creature vanquished.

Vanquished Creatures (others)
  3 fungi (D:2)
  2 plants (D:2)
5 creatures vanquished.

Grand Total: 53 creatures vanquished

Notes
Turn   | Place    | Note
-------+----------+-------------------------------------------
     0 | D:1      | Jarnaxa the Deep Elf Necromancer began the quest for the
                  | Orb.
     0 | D:1      | Reached XP level 1. HP: 10/10 MP: 6/6
    99 | D:1      | Reached skill level 5 in Necromancy
   159 | D:1      | Reached XP level 2. HP: 15/15 MP: 5/8
   825 | D:1      | Reached XP level 3. HP: 19/19 MP: 7/9
  1062 | D:2      | Learned a level 3 spell: Vampiric Draining
  1588 | D:2      | Reached skill level 6 in Necromancy
  1762 | D:2      | Reached XP level 4. HP: 24/24 MP: 10/12
  1785 | D:2      | Found a faded altar of an unknown god.
  1875 | D:2      | Learned a level 4 spell: Animate Dead
  1882 | D:3      | Found a stormy altar of Qazlal.
  1890 | D:3      | Found a radiant altar of Vehumet.
  1917 | D:3      | Slain by a gnoll

Illustrated notes

Levels and vault maps discovered:
D:1:      lemuel_arrival_broad_hall, layout_basic, minmay_ruptured
D:2:      layout_loops_cross, shapermc_ecumenical_altar_hornbeckon
D:3:      layout_loops_ring, nzn_wu_jian_contemplation, grunt_gozag_statues,
          mainiacjoe_overflow_big_doors

Skill      XL: |  1  2  3 |
---------------+----------+-----
Necromancy     | 5 6 |  6.1
Spellcasting   | 4 |  4.1
Dodging        | |  2.7
Stealth        | |  2.7

Action                     |  1- 3 |  4- 6 || total
---------------------------+-------+-------++-------
  Melee: Unarmed           |     1 |       ||     1
   Cast: Necrotise         |    73 |     8 ||    81
    Use: Scroll            |     3 |       ||     3
 Armour: Robe              |     5 |     2 ||     7
  Dodge: Dodged            |    16 |     2 ||    18

Table legend: (Time is in decaauts)
 A = Elapsed time spent in this place.
 B = Non-inter-level travel time spent in this place.
 C = Inter-level travel time spent in this place.
 D = Time resting spent in this place.
 E = Time spent auto-exploring this place.
 F = Levels seen in this place.
 G = Mean time per level.
                   A        B        C        D        E       F      G
               +--------+--------+--------+--------+--------+-----+--------+
         Total |   1922 |   1858 |     64 |     29 |   1557 |   3 |  640.7 |
       Dungeon |   1922 |   1858 |     64 |     29 |   1557 |   3 |  640.7 |
               +--------+--------+--------+--------+--------+-----+--------+

Top non-repeatable levels by time:
     D:1: 1053 daAuts
     D:2: 830 daAuts
     D:3: 38 daAuts
